 Dungeon Crawl Stone Soup version 0.29-a0-234-g0dae59b3db (webtiles) character file.

Game seed: 6939126085763992777

10682 frimble the Frost Mage (level 11, -16/83 HPs)
             Began as a Gnoll Ice Elementalist on Mar 4, 2022.
             Was an Elder of Cheibriados.
             Demolished by Snorg (18 damage)
             ... on level 10 of the Dungeon.
             The game lasted 00:21:20 (15038 turns).

frimble the Frost Mage (Gnoll Ice Elementalist)    Turns: 15038, Time: 00:21:21

Health: -16/83     AC: 19    Str: 24    XL:     11   Next: 65%
Magic:  18/23      EV: 18    Int: 33    God:    Cheibriados [****..]
Gold:   491        SH:  0    Dex: 21    Spells: 17/26 levels left

rFire   . . .      SeeInvis +   z - +7 staff of the Meek {protect, meekguard}
rCold   . . .      Faith    .   (shield currently unavailable)
rNeg    . . .      Spirit   .   n - +2 robe of Orthodoxy {rElec rCorr SInv}
rPois   +          Reflect  .   h - +1 helmet
rElec   +          Harm     .   E - +1 cloak {rPois}
rCorr   +          Rampage  .   (no gloves)
Will    .....                   q - +0 pair of boots
Stlth   ++++......              (no amulet)
HPRegen 0.23/turn               x - +6 ring of intelligence
MPRegen 0.18/turn               p - +6 ring of strength

@: ice-armoured, freezing walls, very slow
A: fangs 1, strong nose, distributed training, subdued magic 1
a: Renounce Religion, Bend Time, Temporal Distortion, Slouch


You were on level 10 of the Dungeon.
You worshipped Cheibriados.
Cheibriados was greatly pleased with you.
You visited 2 branches of the dungeon, and saw 11 of its levels.

You collected 546 gold pieces.
You spent 55 gold pieces at shops.

Inventory:

Hand Weapons
 f - the +8 quarterstaff of Contradiction {freeze, rF+ rC+ Stlth+}
   (You found it on level 8 of the Dungeon)

   It freezes those it strikes, dealing additional cold damage.
   It can also slow down cold-blooded creatures.
   rF:        It protects you from fire.
   rC:        It protects you from cold.
   Stlth:     It makes you more stealthy.
 r - a +4 dagger of freezing
 y - a +4 morningstar
 z - the +7 staff of the Meek (weapon) {protect, meekguard}
   (You found it on level 9 of the Dungeon)

   It grants its wielder temporary protection when it strikes (+7 to AC).
   It provides extra protection to wielders with little health.
Armour
 h - a +1 helmet (worn)
 n - the +2 robe of Orthodoxy (worn) {rElec rCorr SInv}
   (You found it on level 6 of the Dungeon)

   rElec:     It insulates you from electricity.
   SInv:      It lets you see invisible.
   rCorr:     It protects you from acid and corrosion.
 q - a +0 pair of boots (worn)
 E - a +1 cloak of poison resistance (worn)
Jewellery
 a - an amulet of guardian spirit
 g - a +6 ring of intelligence
 j - a ring of fire
 p - a +6 ring of strength (right hand)
 u - a ring of wizardry
 v - a ring of positive energy
 x - a +6 ring of intelligence (left hand)
 A - a ring of see invisible
 B - a +4 ring of protection
 C - a ring of protection from cold
Wands
 d - a wand of iceblast (1)
 t - a wand of paralysis (6)
 D - a wand of digging (7)
Scrolls
 c - a scroll of enchant weapon
 k - a scroll of teleportation
 s - a scroll of fog
Potions
 b - 2 potions of heal wounds
 e - 3 potions of mutation
 i - a potion of attraction {unknown}
 l - a potion of curing
 m - a potion of brilliance {unknown}
 o - a potion of lignification
 w - 2 potions of magic {unknown}


   Skills:
 + Level 6.5 Fighting
 + Level 6.5 Short Blades
 + Level 6.5 Long Blades
 + Level 6.5 Axes
 + Level 6.5 Maces & Flails
 + Level 6.5 Polearms
 + Level 6.5 Staves
 + Level 6.5 Slings
 + Level 6.5 Bows
 + Level 6.5 Crossbows
 + Level 6.5 Throwing
 + Level 6.5 Armour
 + Level 8.0 Dodging
 + Level 7.8 Stealth
 + Level 6.5 Shields
 + Level 6.5 Unarmed Combat
 + Level 8.3 Spellcasting
 + Level 5.4 Conjurations
 + Level 5.4 Hexes
 + Level 5.4 Summonings
 + Level 5.4 Necromancy
 + Level 5.4 Translocations
 + Level 5.4 Transmutations
 + Level 5.4 Fire Magic
 + Level 9.0 Ice Magic
 + Level 5.4 Air Magic
 + Level 5.4 Earth Magic
 + Level 5.4 Poison Magic
 + Level 7.1 Invocations
 + Level 6.5 Evocations


You had 17 spell levels left.
You knew the following spells:

 Your Spells              Type           Power      Damage    Failure   Level
a - Apportation           Tloc           76%        N/A       1%          1
b - Frozen Ramparts       Ice            100%       1d12      1%          3
c - Ozocubu's Armour      Ice            54%        N/A       1%          3
d - Blink                 Tloc           76%        N/A       1%          2

Your spell library contained the following spells:

 Spells                   Type           Power      Damage    Failure   Level
 Freeze                   Ice            100%       1d11      1%          1
 Shock                    Conj/Air       100%       1d9       1%          1
 Portal Projectile        Hex/Tloc       76%        N/A       1%          3
 Swiftness                Air            38%        N/A       1%          3
 Hailstorm                Conj/Ice       47%        3d11      1%          4
 Airstrike                Air            19%        N/A       2%          4
 Alistair's Intoxication  Tmut/Pois      25%        N/A       9%          5
 Blade Hands              Tmut           19%        N/A       9%          5
 Excruciating Wounds      Necr           19%        N/A       9%          5
 Manifold Assault         Tloc           38%        N/A       9%          5
 Storm Form               Tmut/Air       19%        N/A       96%         7


Dungeon Overview and Level Annotations

Branches:
Dungeon (10/15)            Temple (1/1) D:6            Lair (0/6) D:8
    Orc (0/2) D:9

Altars:
Ashenzari
Cheibriados
Dithmenos
Elyvilon
Fedhas
Gozag
Hepliaklqana
Kikubaaqudgha
Makhleb
Nemelex Xobeh
Okawaru
Qazlal
Ru
Sif Muna
Trog
Uskayaw
Vehumet
Wu Jian
Xom
Yredelemnul
Zin
The Shining One
Beogh

Shops:
D:3 *   D:9 *

Annotations:
D:3 2 runed translucent doors, spaghetti's ghost, amateur OpFi
D:10 Snorg


Innate Abilities, Weirdness & Mutations

You have very sharp teeth.
Your uncanny sense of smell can sniff out nearby items.
Your experience applies equally to all skills.
Your spells are a little easier to cast, but a little less powerful.


Message History

Confirm with . or Enter, or press ? or * to list all spells.
Casting: Frozen Ramparts (safe; 1% risk of failure)
Press: ? - help, Dir - look around, f - activate The walls around you are covered in ice.
The wall freezes Snorg.
Snorg misses you. Snorg claws you! Snorg closely misses you.
Casting: Frozen Ramparts (safe; 1% risk of failure)
Confirm with . or Enter, or press ? or * to list all spells.
A film of ice covers your body!
The wall freezes Snorg.
Snorg bites you!!
* * * LOW HITPOINT WARNING * * *
Snorg misses you. Snorg claws you but does no damage.
The wall freezes Snorg.
Snorg bites you but does no damage. Snorg barely misses you.
Snorg claws you but does no damage.
Unknown command.
The +8 quarterstaff of Contradiction {freeze, rF+ rC+ Stlth+} stops glowing.
The +7 staff of the Meek {protect, meekguard} hums with potential!
z - the +7 staff of the Meek (weapon)
{protect, meekguard} The wall freezes Snorg.
Snorg bites you but does no damage. Snorg barely misses you. x2
You closely miss Snorg.
Snorg is severely wounded.
The wall freezes Snorg!
Snorg misses you. Snorg claws you but does no damage. Snorg misses you.
You barely miss Snorg.
Snorg is severely wounded.
The wall freezes Snorg.
Snorg bites you.
* * * LOW HITPOINT WARNING * * *
Snorg completely misses you. x2
You closely miss Snorg.
Snorg is almost dead.
The wall freezes Snorg.
Snorg closely misses you. Snorg claws you.
* * * LOW HITPOINT WARNING * * *
Snorg claws you but does no damage.
The wall freezes Snorg.
Snorg closely misses you. Snorg claws you!
* * * LOW HITPOINT WARNING * * *
Snorg misses you.
You closely miss Snorg.
Snorg is almost dead.
The wall freezes Snorg!
Snorg bites you!!
You die...

#######'## #.###
#...# #######'###
#.........#
#.........#
#.........#
#.........#
#@...†....#
......T...>.....#
###.###.........#
#..>......#
#.........'.
#.........###
#.........#
..........#


You could see Snorg (berserk).

Vanquished Creatures
  A two-headed ogre (D:9)
  2 trolls
  A vampire (D:9)
  2 wyverns (D:8)
  Eustachio (D:5)
  17 yaks
  A basilisk (D:8)
  2 vampire mosquitoes (D:10)
  A neqoxec (D:3)
  Menkaure (D:5)
  3 steam dragons
  2 acid dragons
  3 water moccasins (D:8)
  11 orc warriors
  2 black bears (D:5)
  6 ogres
  2 ice beasts (D:7)
  2 sky beasts
  3 centaurs
  2 phantoms
  Blork the orc (D:4)
  A kobold brigand (D:8)
  A bullfrog (D:7)
  A gnoll sergeant (D:9)
  3 scorpions
  A necrophage (D:5)
  14 wights
  6 killer bees (D:8)
  3 howler monkeys (D:7)
  12 orc priests
  2 hounds
  Ijyb (D:5)
  2 iguanas
  12 orc wizards
  Robin (D:4)
  4 gnolls
  6 adders
  A shadow imp (D:6)
  3 white imps
  An ufetubus (D:5)
  2 worms (D:3)
  4 dart slugs (D:2)
  38 orcs
  9 bats
  5 endoplasms
  3 giant cockroaches
  18 goblins
  6 hobgoblins
  3 jackals (D:2)
  6 quokkas
  4 ball pythons
  7 frilled lizards
  8 kobolds
  5 rats
259 creatures vanquished.

Vanquished Creatures (others)
  4 fungi (D:8)
  22 plants
26 creatures vanquished.

Grand Total: 285 creatures vanquished

Notes
Turn   | Place    | Note
-------+----------+-------------------------------------------
     0 | D:1      | frimble the Gnoll Ice Elementalist began the quest for the
                  | Orb.
     0 | D:1      | Reached XP level 1. HP: 13/13 MP: 6/6
   421 | D:1      | Reached XP level 2. HP: 10/19 MP: 3/7
   914 | D:1      | Reached XP level 3. HP: 3/25 MP: 5/9
   918 | D:1      | Learned a level 3 spell: Frozen Ramparts
   922 | D:1      | Learned a level 3 spell: Ozocubu's Armour
  1334 | D:1      | Reached skill level 5 in Spellcasting
  2199 | D:2      | Reached skill level 1 in Invocations
  2332 | D:2      | Reached skill level 1 in Fighting
  2332 | D:2      | Reached skill level 1 in Short Blades
  2332 | D:2      | Reached skill level 1 in Long Blades
  2332 | D:2      | Reached skill level 1 in Axes
  2332 | D:2      | Reached skill level 1 in Maces & Flails
  2332 | D:2      | Reached skill level 1 in Polearms
  2332 | D:2      | Reached skill level 1 in Staves
  2332 | D:2      | Reached skill level 1 in Slings
  2332 | D:2      | Reached skill level 1 in Bows
  2332 | D:2      | Reached skill level 1 in Crossbows
  2332 | D:2      | Reached skill level 1 in Throwing
  2332 | D:2      | Reached skill level 1 in Armour
  2332 | D:2      | Reached skill level 1 in Shields
  2332 | D:2      | Reached skill level 1 in Unarmed Combat
  2332 | D:2      | Reached skill level 1 in Evocations
  2338 | D:2      | Found a faded altar of an unknown god.
  2836 | D:2      | Reached XP level 4. HP: 32/32 MP: 11/11
  3734 | D:3      | Noticed Grinder
  3772 | D:3      | Paralysed by Grinder for 2 turns
  4029 | D:3      | Found a runed translucent door.
  4039 | D:3      | Noticed spaghetti's ghost (amateur OpFi)
  4047 | D:3      | Reached skill level 1 in Conjurations
  4047 | D:3      | Reached skill level 1 in Hexes
  4047 | D:3      | Reached skill level 1 in Summonings
  4047 | D:3      | Reached skill level 1 in Necromancy
  4047 | D:3      | Reached skill level 1 in Translocations
  4047 | D:3      | Reached skill level 1 in Transmutations
  4047 | D:3      | Reached skill level 1 in Fire Magic
  4047 | D:3      | Reached skill level 1 in Air Magic
  4047 | D:3      | Reached skill level 1 in Earth Magic
  4047 | D:3      | Reached skill level 1 in Poison Magic
  4047 | D:3      | Found Xecammuck's General Store.
  4058 | D:3      | Bought a potion of degeneration for 10 gold pieces
  4098 | D:4      | Noticed an ogre
  4102 | D:4      | Noticed a phantom
  4280 | D:5      | Entered Level 5 of the Dungeon
  4280 | D:5      | Noticed Menkaure
  4284 | D:4      | Noticed an ogre
  4286 | D:4      | Found a sacrificial altar of Ru.
  4297 | D:4      | Killed an ogre
  4298 | D:4      | Reached XP level 5. HP: 14/37 MP: 5/12
  4504 | D:4      | Noticed Robin
  4518 | D:4      | Killed Robin
  4527 | D:4      | Noticed an ogre
  4528 | D:4      | Killed a phantom
  4529 | D:4      | Reached XP level 6. HP: 44/44 MP: 5/14
  4536 | D:4      | Reached skill level 5 in Dodging
  4825 | D:4      | Reached XP level 7. HP: 25/50 MP: 15/15
  5049 | D:4      | Noticed Blork the orc
  5056 | D:4      | Killed Blork the orc
  5239 | D:4      | You fall into a shaft and drop 1 floor!
  5252 | D:5      | Noticed Eustachio
  5258 | D:5      | Reached skill level 5 in Stealth
  5281 | D:5      | Killed Eustachio
  5282 | D:5      | Reached XP level 8. HP: 35/58 MP: 1/16
  5824 | D:6      | Found a staircase to the Ecumenical Temple.
  5833 | D:6      | Identified the +2 robe of Orthodoxy {rElec rCorr SInv}
  6203 | D:5      | Killed Menkaure
  6504 | D:5      | Noticed Ijyb
  6530 | D:5      | Killed Ijyb
  7404 | D:4      | Reached XP level 9. HP: 65/65 MP: 18/18
  7628 | D:4      | Found a radiant altar of Vehumet.
  7698 | D:3      | Bought a +0 pair of boots for 45 gold pieces
  7900 | D:3      | Noticed Grinder
  7900 | D:3      | Grinder changed into Grinder the neqoxec
  7911 | D:3      | Gained mutation: Your spells are a little easier to cast,
                  | but a little less powerful. [Grinder]
  7918 | D:3      | Killed Grinder the neqoxec
  8003 | D:3      | Learned a level 1 spell: Apportation
  8027 | D:3      | Found a runed translucent door.
  8114 | D:3      | Found a shimmering altar of Xom.
  8141 | D:3      | Found a radiant altar of Vehumet.
  8141 | D:3      | Found a glowing golden altar of the Shining One.
  8143 | D:3      | Found a shadowy altar of Dithmenos.
  8143 | D:3      | Found an ancient bone altar of Kikubaaqudgha.
  8143 | D:3      | Found a shimmering altar of Xom.
  8239 | D:6      | Found a glowing silver altar of Zin.
  8498 | D:6      | Reached skill level 8 in Ice Magic
  8584 | D:6      | Found a hazy altar of Hepliaklqana.
  8584 | D:6      | Found a basalt altar of Yredelemnul.
  8932 | D:6      | Found a bloodstained altar of Trog.
  8974 | Temple   | Entered the Ecumenical Temple
  9206 | Temple   | Became a worshipper of Cheibriados the Contemplative
  9378 | D:7      | Found a shadowy altar of Dithmenos.
  9612 | D:7      | Found a glowing golden altar of the Shining One.
  9700 | D:7      | Reached skill level 5 in Invocations
 10077 | D:7      | Found a broken altar of Ashenzari.
 10254 | D:7      | Found a blossoming altar of Fedhas.
 10300 | D:7      | Reached * piety under Cheibriados
 10619 | D:7      | Reached XP level 10. HP: 59/73 MP: 20/20
 10872 | D:8      | Learned a level 2 spell: Blink
 11151 | D:8      | Reached skill level 5 in Fighting
 11151 | D:8      | Reached skill level 5 in Short Blades
 11151 | D:8      | Reached skill level 5 in Long Blades
 11151 | D:8      | Reached skill level 5 in Axes
 11151 | D:8      | Reached skill level 5 in Maces & Flails
 11151 | D:8      | Reached skill level 5 in Polearms
 11151 | D:8      | Reached skill level 5 in Staves
 11151 | D:8      | Reached skill level 5 in Slings
 11151 | D:8      | Reached skill level 5 in Bows
 11151 | D:8      | Reached skill level 5 in Crossbows
 11151 | D:8      | Reached skill level 5 in Throwing
 11151 | D:8      | Reached skill level 5 in Armour
 11151 | D:8      | Reached skill level 5 in Shields
 11151 | D:8      | Reached skill level 5 in Unarmed Combat
 11151 | D:8      | Reached skill level 5 in Evocations
 11432 | D:8      | Found a staircase to the Lair.
 11712 | D:8      | Identified the +8 quarterstaff of Contradiction {freeze,
                  | rF+ rC+ Stlth+}
 12044 | D:8      | Reached ** piety under Cheibriados
 12367 | D:9      | Found Aclut's Fire Supplies.
 12464 | D:9      | Noticed a two-headed ogre
 12469 | D:9      | Killed a two-headed ogre
 12471 | D:9      | Reached XP level 11. HP: 60/81 MP: 16/22
 12560 | D:9      | Reached skill level 5 in Conjurations
 12560 | D:9      | Reached skill level 5 in Hexes
 12560 | D:9      | Reached skill level 5 in Summonings
 12560 | D:9      | Reached skill level 5 in Necromancy
 12560 | D:9      | Reached skill level 5 in Translocations
 12560 | D:9      | Reached skill level 5 in Transmutations
 12560 | D:9      | Reached skill level 5 in Fire Magic
 12560 | D:9      | Reached skill level 5 in Air Magic
 12560 | D:9      | Reached skill level 5 in Earth Magic
 12560 | D:9      | Reached skill level 5 in Poison Magic
 12636 | D:9      | Reached *** piety under Cheibriados
 13288 | D:9      | Found the +7 staff of the Meek {protect, meekguard}
 14335 | D:9      | Reached **** piety under Cheibriados
 14480 | D:9      | Found a staircase to the Orcish Mines.
 14754 | D:10     | Entered Level 10 of the Dungeon
 14857 | D:10     | Found an ancient bone altar of Kikubaaqudgha.
 14904 | D:10     | Reached skill level 9 in Ice Magic
 15019 | D:10     | Noticed Snorg
 15037 | D:10     | HP: 2/83 [Snorg (13)]
 15038 | D:10     | Demolished by Snorg

Illustrated notes

Levels and vault maps discovered:
D:1:      psy_arrival_whirlpool, layout_basic, minmay_hexomino_u4
D:2:      layout_loops_corners, shapermc_ecumenical_altar_totnotflames
D:3:      layout_basic, doesnt_xom_only_xom, serial_shops, shop,
          ebering_ghost_sewer_f, uniq_grinder
D:4:      layout_basic, general_overflow_altar, lemuel_round_altar,
          minmay_surrounded, uniq_blork_the_orc, uniq_robin
D:5:      layout_basic, serial_bayou_ford_a, chequers_jeans, uniq_eustachio,
          uniq_menkaure, uniq_ijyb
D:6:      layout_cave_pools, mainiacjoe_overflow_concentric_impassable,
          gammafunk_temple_overflow_claw, minmay_temple_entry_slanted,
          kennysheep_windowed_goal
D:7:      layout_loops_corners, mainiacjoe_overflow_tiny_flanked,
          kennysheep_mini_moat, mainiacjoe_overflow_surrounded_room,
          cheibrodos_ashenzari_chains
D:8:      layout_basic, minmay_lair_entry_grove, minmay_statues_item
D:9:      layout_loops_ring, david_orc_4, nicolae_shop_fire_sale
          [nicolae_sub_dead_trees], pf_guarded_unrand_meek
D:10:     layout_roguey, mainiacjoe_overflow_alcove_1, minivault_23,
          minmay_misc_feat_rugged, uniq_snorg, uniq_nergalle
Temple:   dpeg_chambers_temple

Skill      XL: |  1  2  3  4  5  6  7  8  9 10 11 |
---------------+----------------------------------+-----
Spellcasting   | 5 6 7 8 |  8.3
Invocations    | 1 2 3 4 5 6 7 |  7.1
Fighting       | 1 2 3 4 5 6 |  6.5
Short Blades   | 1 2 3 4 5 6 |  6.5
Long Blades    | 1 2 3 4 5 6 |  6.5
Axes           | 1 2 3 4 5 6 |  6.5
Maces & Flails | 1 2 3 4 5 6 |  6.5
Polearms       | 1 2 3 4 5 6 |  6.5
Staves         | 1 2 3 4 5 6 |  6.5
Slings         | 1 2 3 4 5 6 |  6.5
Bows           | 1 2 3 4 5 6 |  6.5
Crossbows      | 1 2 3 4 5 6 |  6.5
Throwing       | 1 2 3 4 5 6 |  6.5
Armour         | 1 2 3 4 5 6 |  6.5
Shields        | 1 2 3 4 5 6 |  6.5
Unarmed Combat | 1 2 3 4 5 6 |  6.5
Evocations     | 1 2 3 4 5 6 |  6.5
Conjurations   | 1 2 3 4 5 |  5.4
Hexes          | 1 2 3 4 5 |  5.4
Summonings     | 1 2 3 4 5 |  5.4
Necromancy     | 1 2 3 4 5 |  5.4
Translocations | 1 2 3 4 5 |  5.4
Transmutations | 1 2 3 4 5 |  5.4
Fire Magic     | 1 2 3 4 5 |  5.4
Air Magic      | 1 2 3 4 5 |  5.4
Earth Magic    | 1 2 3 4 5 |  5.4
Poison Magic   | 1 2 3 4 5 |  5.4
Dodging        | 5 6 7 8 |  8.0
Stealth        | 5 6 7 |  7.8
Ice Magic      | 8 9 |  9.0

Action                   |  1- 3 |  4- 6 |  7- 9 | 10-12 || total
-------------------------+-------+-------+-------+-------++-------
Melee: Morningstar       |     7 |       |    35 |    51 ||    93
       Unarmed           |     7 |       |       |       ||     7
       Bite              |    12 |    12 |    50 |    20 ||    94
       Dagger            |    86 |   169 |   259 |       ||   514
       Punch             |     1 |     2 |    15 |     3 ||    21
       Flail             |       |       |    68 |       ||    68
       Quarterstaff      |       |       |       |   162 ||   162
 Cast: Freeze            |    22 |     8 |     6 |       ||    36
       Frozen Ramparts   |     1 |     8 |    22 |    33 ||    64
       Ozocubu's Armour  |       |     3 |    17 |    23 ||    43
Evoke: Wand              |       |       |     1 |     1 ||     2
  Use: Scroll            |     2 |     6 |     4 |     3 ||    15
       Potion            |       |     3 |     1 |     1 ||     5
 Stab: Sleeping          |     5 |     5 |     8 |     1 ||    19
       Paralysed         |       |       |       |     3 ||     3
       Distracted        |       |       |       |     2 ||     2
Armor: Robe              |    23 |    18 |   153 |    60 ||   254
       Skin              |       |    48 |    12 |       ||    60
Dodge: Dodged            |    82 |    62 |   256 |   201 ||   601

Table legend: (Time is in decaauts)
 A = Elapsed time spent in this place.
 B = Non-inter-level travel time spent in this place.
 C = Inter-level travel time spent in this place.
 D = Time resting spent in this place.
 E = Time spent auto-exploring this place.
 F = Levels seen in this place.
 G = Mean time per level.
                   A        B        C        D        E       F      G
               +--------+--------+--------+--------+--------+-----+--------+
         Total |  16277 |  15479 |    798 |    810 |  12240 |  11 | 1479.7 |
       Dungeon |  16010 |  15281 |    729 |    810 |  12052 |  10 | 1601.0 |
        Temple |    266 |    197 |     69 |      0 |    188 |   1 |  266.0 |
               +--------+--------+--------+--------+--------+-----+--------+

Top non-repeatable levels by time:
     D:9: 2920 daAuts
     D:1: 2194 daAuts
     D:8: 1888 daAuts
     D:4: 1739 daAuts
     D:7: 1731 daAuts
     D:5: 1682 daAuts
     D:2: 1379 daAuts
     D:6: 1074 daAuts
     D:3: 997 daAuts
    D:10: 403 daAuts
  Temple: 266 daAuts
